 Dungeon Crawl Stone Soup version 0.20.1-1-g8b1a95d (webtiles) character file.

1238 markt42 the Cudgeler (level 8, -5/72 HPs)
             Began as a Gargoyle Fighter on Nov 26, 2017.
             Was a Follower of Okawaru.
             Slain by an ogre
             ... wielding a +0 giant spiked club
              (16 damage)
             ... on level 5 of the Dungeon.
             The game lasted 00:05:44 (5481 turns).

markt42 the Cudgeler (Gargoyle Fighter)             Turns: 5481, Time: 00:05:45

Health: -5/72      AC: 24    Str: 19 (20) XL:     8   Next: 49%
Magic:  8/8        EV:  2    Int:  8 (9)  God:    Okawaru [*.....]
Gold:   277        SH: 14    Dex:  8 (11) Spells: 7/7 levels left

rFire    . . .     SeeInvis .   a - +0 flail
rCold    . . .     Gourm    .   r - +0 large shield
rNeg     + + +     Faith    .   (armour currently unavailable)
rPois    ∞         Spirit   .   (helmet currently unavailable)
rElec    .         Reflect  .   (cloak currently unavailable)
rCorr    .         Harm     .   (gloves currently unavailable)
MR       .....     NoTele   +   (boots currently unavailable)
Stlth    +.........             (no amulet)
Regen    0.3/turn               (no ring)
MPRegen  0.2/turn               (no ring)

@: tree-form, very slightly contaminated, invisible
A: negative energy resistance 1, petrification resistance, rot immunity, AC +5
a: Heroism, Renounce Religion


You were on level 5 of the Dungeon.
You worshipped Okawaru.
Okawaru was aware of your devotion.
You were not hungry.
You were a tree.
You visited 2 branches of the dungeon, and saw 6 of its levels.

You collected 277 gold pieces.

Inventory:

Hand Weapons
 a - a +0 flail (weapon)
Armour
 r - a +0 large shield (worn)
 B - the +3 chain mail of Wasted Space (melded) {rC+}
   (You found it on level 5 of the Dungeon)

   It protects you from cold.
 C - a +1 helmet (melded)
Wands
 t - a wand of digging (8/24)
Scrolls
 b - a scroll of teleportation {unknown}
 e - 3 scrolls of remove curse {unknown}
 g - a scroll of magic mapping {unknown}
 l - 3 scrolls of recharging {unknown}
 n - 3 scrolls of identify
 o - 2 scrolls of enchant weapon {unknown}
 p - a scroll of blinking {unknown}
 u - 2 scrolls of fear {unknown}
 y - a scroll of fog {unknown}
Potions
 d - 2 potions of might
 h - a potion of brilliance {unknown}
 i - 2 potions of curing
 j - a potion of invisibility
 m - 2 potions of lignification
 q - a potion of flight {unknown}
 s - a potion of mutation {unknown}
 v - a potion of heal wounds {unknown}
Comestibles
 c - a meat ration
 f - 4 bread rations
 w - 3 royal jellies
 x - 2 fruits
 z - 9 chunks of flesh


   Skills:
 + Level 4.3 Fighting
 * Level 7.1 Maces & Flails
 * Level 5.8 Armour
 + Level 1.6 Dodging
 + Level 5.8 Shields


You had 7 spell levels left.
You didn't know any spells.

Dungeon Overview and Level Annotations

Branches:
Dungeon (5/15)             Temple (1/1) D:4

Altars:
Ashenzari
Cheibriados
Dithmenos
Elyvilon
Fedhas
Gozag
Hepliaklqana
Kikubaaqudgha
Makhleb
Nemelex Xobeh
Okawaru
Qazlal
Ru
Sif Muna
Trog
Uskayaw
Vehumet
Xom
Yredelemnul
Zin
The Shining One


Innate Abilities, Weirdness & Mutations

You are resistant to torment.
((Your stone body is resilient. (AC +5)))
You are immune to poison.
You resist negative energy. (rN+)
((You are resistant to electric shocks. (rElec)))
((You can survive without breathing.))
You are immune to petrification.
You are immune to rotting.
((You are partially covered in thin metallic scales. (AC +2)))


Message History

You are too injured to fight recklessly!
You are too injured to fight recklessly!
The orc priest looks satisfied for a moment.
The orc priest mumbles some strange prayers to Beogh against you.
Beogh smites you!
* * * LOW HITPOINT WARNING * * *
It was a potion of curing.
You feel better.
It was a potion of invisibility.
You fade into invisibility!
You block the ogre's attack.
You are very lightly contaminated with residual magic.
It was a potion of lignification.
You turn into a tree.
Your +1 helmet melds into your body.
The +3 chain mail of Wasted Space {rC+} melds into your body.
Your roots penetrate the ground.
You block the ogre's attack.
It was a potion of degeneration.
There was something very wrong with that liquid.
You feel weakened.
You feel dopey.
You feel clumsy.
The ogre hits you with a giant spiked club!
You die...

#........ #............
#.........#............
#.........#............
#.........#............
#...†##...#............
#..o.##...#........))[.
#....##...#............
#...o##...'............
#...oO♣...#...(....#+#.
#...o##...#..[.....'...
#....##...#........#...
#....'....(........#...
#....#....#........#...
#....##.(.#........#...
#....##..)#........#..#
#.....[...#....########
#.........#....#


You could see an orc warrior, an ogre, an orc priest and an orc.

Vanquished Creatures
  Sigmund (D:4)
  Menkaure (D:4)
  A sky beast (D:4)
  3 ogres
  2 scorpions
  A howler monkey (D:4)
  A bullfrog zombie (D:5)
  A jelly (D:5)
  2 hounds (D:4)
  2 orc priests (D:4)
  An orc wizard (D:4)
  4 worker ants
  A worker ant zombie (D:5)
  3 gnolls
  5 adders
  A shadow imp (D:5)
  3 worms
  3 dart slugs
  3 leopard geckos
  13 orcs
  5 giant cockroaches
  11 hobgoblins
  3 quokkas
  5 bats
  8 frilled lizards
  9 goblins
  7 kobolds
  5 rats
105 creatures vanquished.

Notes
Turn   | Place    | Note
-------+----------+-------------------------------------------
     0 | D:1      | markt42 the Gargoyle Fighter began the quest for the Orb.
     0 | D:1      | Reached XP level 1. HP: 14/14 MP: 1/1
   257 | D:1      | Reached XP level 2. HP: 19/19 MP: 2/2
   789 | D:1      | Reached XP level 3. HP: 23/23 MP: 3/3
  1002 | D:2      | Reached XP level 4. HP: 17/28 MP: 4/4
  1231 | D:2      | Reached skill level 3 in Maces & Flails
  2608 | D:4      | Reached XP level 5. HP: 19/32 MP: 5/5
  2786 | D:4      | Found a staircase to the Ecumenical Temple.
  2811 | D:4      | Noticed Sigmund
  2819 | D:4      | Killed Sigmund
  2819 | D:4      | Reached skill level 4 in Maces & Flails
  2819 | D:4      | Reached skill level 1 in Dodging
  2819 | D:4      | Reached XP level 6. HP: 35/38 MP: 6/6
  2845 | Temple   | Entered the Ecumenical Temple
  2947 | Temple   | Became a worshipper of Warmaster Okawaru
  3149 | D:4      | Reached skill level 5 in Maces & Flails
  3398 | D:4      | Reached XP level 7. HP: 40/42 MP: 7/7
  3421 | D:4      | Noticed Menkaure
  3447 | D:4      | Killed Menkaure
  3447 | D:4      | Reached skill level 5 in Armour
  3450 | D:4      | Gained mutation: You are partially covered in thin metallic scales. (AC +2) [mutagenic meat]
  3696 | D:4      | Reached * piety under Okawaru
  3696 | D:4      | Reached skill level 5 in Shields
  3821 | D:4      | Reached skill level 6 in Maces & Flails
  4041 | D:5      | Entered Level 5 of the Dungeon
  4383 | D:4      | Reached XP level 8. HP: 48/48 MP: 8/8
  5302 | D:5      | Reached skill level 7 in Maces & Flails
  5394 | D:5      | Got a faintly glowing chain mail
  5408 | D:5      | Identified the +3 chain mail of Wasted Space {rC+} (You found it on level 5 of the Dungeon)
  5476 | D:5      | HP: 1/48 [orc priest/divine providence (14)]
  5481 | D:5      | Slain by an ogre

Skill      XL: |  1  2  3  4  5  6  7  8 |
---------------+-------------------------+-----
Armour         | 4 5 |  5.8
Maces & Flails | 3 4 5 6 7 |  7.1
Dodging        | 1 |  1.6
Shields        | 4 5 |  5.8
Fighting       | 4 |  4.3

Action                   |  1- 3 |  4- 6 |  7- 9 || total
-------------------------+-------+-------+-------++-------
Melee: Flail             |   143 |   226 |   217 ||   586
  Use: Potion            |       |     1 |     4 ||     5
       Scroll            |       |       |     2 ||     2
  Eat: Chunk             |       |     7 |     8 ||    15
       Royal jelly       |       |     1 |       ||     1
Armor: Scale mail        |    92 |    97 |    61 ||   250
       Chain mail        |       |       |    66 ||    66
Dodge: Dodged            |    72 |    48 |    51 ||   171
Block: Shield            |   104 |    41 |       ||   145
       Large shield      |       |   104 |   200 ||   304
